 Dungeon Crawl Stone Soup version 0.24.0-37-gcf1ca852f1 (webtiles) character file.

Game seed: 12518571262520846076, levelgen mode: deterministic

6113 Mrkan the Cleaver (level 10, -1/90 HPs)
             Began as a Hill Orc Fighter on Nov 29, 2019.
             Was a High Priest of the Shining One.
             Slain by a thrashing horror (11 damage)
             ... on level 2 of the Abyss.
             The game lasted 00:19:49 (7710 turns).

Mrkan the Cleaver (Hill Orc Fighter)                Turns: 7710, Time: 00:19:49

Health: -1/90      AC: 16    Str: 22    XL:     10   Next: 89%
Magic:  16/16      EV:  5    Int:  9    God:    the Shining One [*****.]
Gold:   373        SH: 11    Dex: 10    Spells: 9/9 levels left

rFire    . . .     SeeInvis .   n - +1 broad axe
rCold    . . .     Gourm    .   c - +0 shield
rNeg     + + .     Faith    .   a - +0 plate armour
rPois    .         Spirit   .   (no helmet)
rElec    .         Reflect  .   j - +0 cloak
rCorr    .         Harm     .   (no gloves)
MR       .....                  r - +0 pair of boots
Stlth    ..........             (no amulet)
HPRegen  0.25/turn              (no ring)
MPRegen  0.15/turn              (no ring)

@: glowing
A: no striking features
a: Divine Shield, Cleansing Flame, Summon Divine Warrior, Renounce Religion


You were on level 2 of the Abyss.
You worshipped the Shining One.
The Shining One was extremely pleased with you.
You were very hungry.

You visited 1 branch of the dungeon, and saw 9 of its levels.
You visited the Abyss 1 time.
You also visited: Sewer and Ossuary.

You collected 449 gold pieces.
You spent 76 gold pieces at shops.

Inventory:

Hand Weapons
 n - a +1 broad axe (weapon)
Armour
 a - a +0 plate armour (worn)
 c - a +0 shield (worn)
 j - a +0 cloak (worn)
 r - a +0 pair of boots (worn)
Jewellery
 o - an uncursed ring of fire {unknown}
 y - a +4 ring of protection {unknown}
 H - the amulet of the Eagle {+Rage rC+, unknown}
   (You found it on level 4 of the Dungeon)

   [amulet of rage]

   It protects you from cold.
   It lets you go berserk.
 I - an uncursed ring of ice {unknown}
Wands
 E - a wand of paralysis (4)
 F - a wand of polymorph (3)
Scrolls
 b - 2 scrolls of holy word
 h - 2 scrolls of enchant weapon
 m - a scroll of amnesia
 s - 3 scrolls of remove curse
 t - 2 scrolls of teleportation
 w - a scroll of blinking
 x - a scroll of fear {unknown}
 A - a scroll of enchant armour {unknown}
 B - a scroll of fog {unknown}
 G - 2 scrolls of magic mapping {unknown}
Potions
 d - 2 potions of mutation
 e - 2 potions of haste
 g - 3 potions of lignification
 l - a potion of agility
 p - a potion of resistance
 q - a potion of invisibility
 u - a potion of ambrosia
 z - 3 potions of flight
 C - 2 potions of curing
 D - a potion of berserk rage {unknown}
Comestibles
 f - 16 rations


   Skills:
 + Level 8.6 Fighting
 * Level 12.3 Axes
 + Level 7.8 Armour
 + Level 7.9 Shields
 + Level 8.3 Invocations


You had 9 spell levels left.
You didn't know any spells.
Your spell library was empty.

Dungeon Overview and Level Annotations

Branches:
Dungeon (9/15)             Temple (0/1) D:4           Sewer (visited)
Ossuary (visited)
   Lair: D:8-11         Orc: D:9-12

Altars:
Gozag
Okawaru
Qazlal
Sif Muna
Yredelemnul
Zin
The Shining One

Shops:
D:5 *   D:8 *=([

Annotations:
D:9 Psyche


Message History

The ufetubus disappears in a puff of smoke!
The small abomination hits you but does no damage.
The small abomination hits you but does no damage.
You block the ufetubus's attack. The ufetubus hits you.
* * * LOW HITPOINT WARNING * * *
You are feeling very hungry.
You block the small abomination's attack.
The ufetubus hits you but does no damage. x2
The thrashing horror roars!
You block the ufetubus's attack.
The ufetubus hits you but does no damage.
You block the ufetubus's attack.
The ufetubus hits you but does no damage.
The ufetubus barely misses you. x2
The thrashing horror tramples you but does no damage.
The thrashing horror tramples you.
* * * LOW HITPOINT WARNING * * *
You stumble backwards!
The thrashing horror tramples you!
You die...

....##.#...#.
# #..#
#...#..# ##..
####.#.#
#..x## #.#..#
#######5#
........####
........X..#
####.###@#..#
#. #.# .# .
#.. .# # .#.#
# # .# .# ..
#.


You could see a thrashing horror, a small abomination and an ufetubus.

Vanquished Creatures
  Harold (D:9)
  A smoke demon (Abyss:2)
  Grinder (D:4)
  2 hungry ghosts (D:8)
  Menkaure (D:6)
  2 wargs (D:9)
  Purgy (Sewer)
  Duvessa (D:5)
  An orc warrior (D:7)
  An ice beast (D:8)
  3 phantoms
  A sky beast (D:7)
  6 centaurs
  2 ogres
  A small abomination (Abyss:2)
  2 wolves (D:9)
  A big kobold (D:8)
  A bullfrog (D:7)
  A water moccasin skeleton (D:4)
  Dowan (D:5)
  3 scorpions
  A howler monkey (D:5)
  13 wights
  5 crimson imps
  A starcursed mass (Abyss:2)
  A quasit (Abyss:2)
  A jelly (D:8)
  5 centaur zombies
  2 bullfrog skeletons
  A gnoll shaman (D:5)
  4 orc priests
  7 hounds
  5 orc wizards
  2 iguanas
  7 worker ants
  4 big kobold zombies (Ossuary)
  6 mummies (Ossuary)
  A hound skeleton (D:8)
  21 gnolls
  11 adders
  2 oozes
  2 adder skeletons
  2 worms (D:2)
  4 dart slugs
  2 leopard geckos
  22 orcs
  3 ball pythons
  5 giant cockroaches
  5 goblins
  4 hobgoblins
  3 jackals (D:1)
  12 kobolds
  2 quokkas
  6 bats
  6 frilled lizards
  2 hobgoblin zombies (Ossuary)
  A jackal skeleton (D:7)
  A jackal zombie (D:5)
  9 rats
  A lurking horror (Abyss:2)
226 creatures vanquished.

Notes
Turn   | Place    | Note
-------+----------+-------------------------------------------
     0 | D:1      | Mrkan the Hill Orc Fighter began the quest for the Orb.
     0 | D:1      | Reached XP level 1. HP: 19/19 MP: 1/1
    40 | D:1      | Reached skill level 3 in Axes
    40 | D:1      | Reached XP level 2. HP: 23/27 MP: 2/2
   458 | D:1      | Reached XP level 3. HP: 33/33 MP: 3/3
   680 | D:2      | Found a glowing golden altar of the Shining One.
   693 | D:2      | Became a worshipper of the Shining One
   738 | D:2      | Reached skill level 4 in Axes
   931 | D:2      | Reached XP level 4. HP: 39/40 MP: 4/4
  1163 | D:3      | Reached skill level 1 in Invocations
  1205 | D:3      | Reached XP level 5. HP: 37/47 MP: 4/6
  1289 | D:3      | Found a basalt altar of Yredelemnul.
  1578 | D:3      | Found a glowing drain.
  1599 | Sewer    | Entered a sewer
  1646 | Sewer    | Noticed Purgy
  1656 | Sewer    | Killed Purgy
  1656 | Sewer    | Reached skill level 5 in Axes
  1656 | Sewer    | Reached XP level 6. HP: 36/53 MP: 7/7
  2110 | D:4      | Reached skill level 5 in Fighting
  2110 | D:4      | Reached skill level 6 in Axes
  2159 | D:4      | Reached * piety under the Shining One
  2168 | D:4      | Reached XP level 7. HP: 45/61 MP: 9/9
  2178 | D:4      | Noticed Grinder
  2187 | D:4      | Paralysed by Grinder for 6 turns
  2203 | D:4      | Killed Grinder
  2504 | D:4      | Found a staircase to the Ecumenical Temple.
  2791 | D:4      | You fall into a shaft and drop 1 floor!
  2791 | D:5      | Entered Level 5 of the Dungeon
  2802 | D:5      | Reached skill level 7 in Axes
  2808 | D:5      | Found a sand-covered staircase.
  2816 | Ossuary  | Entered an ossuary
  2843 | Ossuary  | Reached skill level 5 in Shields
  2843 | Ossuary  | Reached skill level 5 in Armour
  2845 | Ossuary  | Reached XP level 8. HP: 16/70 MP: 10/10
  2859 | Ossuary  | Reached ** piety under the Shining One
  3387 | D:5      | Found Juit's Assorted Antiques.
  3398 | D:5      | Reached skill level 8 in Axes
  3414 | D:5      | Bought a potion of curing for 48 gold pieces
  3414 | D:5      | Bought 2 sedimented sapphire potions for 28 gold pieces
  3449 | D:5      | Found a stormy altar of Qazlal.
  3897 | D:6      | Found a glowing silver altar of Zin.
  3915 | D:6      | Reached skill level 5 in Invocations
  4010 | D:6      | Reached skill level 9 in Axes
  4025 | D:6      | Found an iron altar of Okawaru.
  4032 | D:6      | Reached XP level 9. HP: 78/78 MP: 11/13
  4313 | D:6      | You fall into a shaft and drop 3 floors!
  4326 | D:9      | Reached *** piety under the Shining One
  4333 | D:9      | Noticed Psyche
  4741 | D:8      | Found Esin's Assorted Antiques.
  4786 | D:8      | Reached skill level 10 in Axes
  4891 | D:8      | Found Maseont's Jewellery Shop.
  5082 | D:8      | Reached **** piety under the Shining One
  5119 | D:8      | Reached XP level 10. HP: 84/86 MP: 15/15
  5124 | D:8      | Found Voptol's Armour Emporium.
  5124 | D:8      | Found Ocwen's Weapon Shoppe.
  5297 | D:6      | Noticed Duvessa
  5297 | D:6      | Noticed Dowan
  5301 | D:6      | Found an opulent altar of Gozag.
  5312 | D:5      | Killed Dowan
  5312 | D:5      | Reached skill level 11 in Axes
  5320 | D:5      | Killed Duvessa
  5666 | D:4      | Got a translucent copper amulet
  6033 | D:6      | Noticed Menkaure
  6037 | D:6      | Killed Menkaure
  6642 | D:7      | Reached ***** piety under the Shining One
  7149 | D:7      | Found a shimmering blue altar of Sif Muna.
  7539 | D:9      | Noticed Harold
  7554 | D:9      | Killed Harold
  7554 | D:9      | Reached skill level 12 in Axes
  7565 | D:9      | Cast into level 2 of the Abyss (Psyche)
  7590 | Abyss:2  | Noticed a starcursed mass
  7591 | Abyss:2  | Noticed a smoke demon
  7596 | Abyss:2  | Noticed a large abomination
  7601 | Abyss:2  | Killed a smoke demon
  7601 | Abyss:2  | Noticed a spatial maelstrom
  7602 | Abyss:2  | Paralysed by accursed screaming for 1 turns
  7609 | Abyss:2  | Paralysed by accursed screaming for 1 turns
  7609 | Abyss:2  | HP: 3/90 [spatial maelstrom (7)]
  7688 | Abyss:2  | The Shining One protects you from harm!
  7703 | Abyss:2  | Noticed a thrashing horror
  7710 | Abyss:2  | Slain by a thrashing horror

Levels and vault maps discovered:
D:1:      saegor_arrival_simple_a, layout_loops_ring
D:2:      layout_basic, lemuel_round_altar, nicolae_overflow_crystal_walls
D:3:      layout_basic, old_standard_altar, portal_sewer_entry_b, first_ration
D:4:      layout_gridville, minmay_temple_entry_trees, bh_walls_and_bars,
          uniq_grinder
D:5:      layout_loops_cross, grunt_qazlal_clouds,
          nicolae_ossuary_entry_monument, serial_shops, nicolae_shop_crystal
D:6:      layout_basic, okawaru_trees_1, lemuel_crystal_altar, basic_altar,
          uniq_duvessa, uniq_menkaure
D:7:      layout_layer_cave, led_sif_pool
D:8:      layout_rooms, serial_shops, shop, shop, shop, nicolae_shop_crystal
D:9:      layout_basic, erik_lair_orcish_takeover, uniq_harold,
          uniq_prince_ribbit1, uniq_grum, uniq_psyche
Abyss:2:  base: D:9, hangedman_decor_peaks_small, hangedman_abyss_river_spirits

Skill      XL: |  1  2  3  4  5  6  7  8  9 10 |
---------------+-------------------------------+-----
Axes           | 3 4 5 6 7 9 10 12 | 12.3
Fighting       | 4 5 6 7 8 |  8.6
Invocations    | 1 2 3 5 6 8 |  8.3
Shields        | 4 5 6 7 |  7.9
Armour         | 4 5 6 7 |  7.8

Action                   |  1- 3 |  4- 6 |  7- 9 | 10-12 || total
-------------------------+-------+-------+-------+-------++-------
Melee: War axe           |    96 |   146 |   122 |       ||   364
       Broad axe         |       |       |   160 |   157 ||   317
  Use: Potion            |       |       |     4 |     5 ||     9
       Scroll            |       |       |       |    17 ||    17
  Eat: Chunk             |       |     5 |    10 |     7 ||    22
       Ration            |       |       |     1 |       ||     1
Armor: Scale mail        |    30 |       |       |       ||    30
       Chain mail        |    18 |    95 |   162 |    39 ||   314
       Plate armour      |       |       |       |    74 ||    74
Dodge: Dodged            |    25 |    39 |    76 |    32 ||   172
Block: Shield            |    58 |    85 |   178 |   110 ||   431
